 Dungeon Crawl Stone Soup version 0.17.0-22-g5edae84 (webtiles) character file.

429 Leibowitz the Cutter (level 7, 0/61 HPs)
             Began as a Kobold Gladiator on Nov 13, 2015.
             Was a Follower of Okawaru.
             Succumbed to a worker ant's poison
             ... on level 4 of the Dungeon.
             The game lasted 00:10:24 (3811 turns).

Leibowitz the Cutter (Kobold Gladiator)             Turns: 3811, Time: 00:10:24

Health: 0/61       AC: 23    Str: 13    XL:     7   Next: 19%
Magic:  7/7        EV:  3    Int:  6    God:    Okawaru [*.....]
Gold:   197        SH:  0    Dex: 22    Spells: 0 memorised, 6 levels left

rFire  . . .     SeeInvis .     a - +1 rapier
rCold  . . .     Clarity  .     (armour currently unavailable)
rNeg   + + +     SustAt   .     (shield restricted)
rPois  +         Gourm    .     (helmet currently unavailable)
rElec  .         Spirit   .     (cloak currently unavailable)
rCorr  .         Warding  .     (gloves currently unavailable)
rMut   .         NoTele   +     (boots currently unavailable)
MR     .....                    (no amulet)
Stlth  +++++.....               (no ring)
                                j - +3 ring of dexterity

@: lethally poisoned (0 -> -11), tree-form, not resistant to hostile
enchantments, quite stealthy
A: (hooves 0), carnivore 3, (electricity resistance), spit poison 1
a: Spit Poison, Heroism, Renounce Religion


You were on level 4 of the Dungeon.
You worshipped Okawaru.
Okawaru was aware of your devotion.
You were completely stuffed.
You were a tree.
You visited 1 branch of the dungeon, and saw 4 of its levels.

You collected 197 gold pieces.

Inventory:

Hand Weapons
 a - a +1 rapier (weapon)
Missiles
 d - 2 throwing nets (quivered)
 m - 26 poisoned needles
Armour
 b - a +0 leather armour (melded)
 c - a +1 pair of boots (melded)
 v - the +0 helmet "Xonoh" (melded) {rN+ Str+2}
   (You took it off Robin on level 3 of the Dungeon)

   It affects your strength (+2).
   It protects you from negative energy.
Jewellery
 j - a +3 ring of dexterity (left branch)
Scrolls
 e - 5 scrolls of identify
 r - a scroll of enchant armour
Potions
 i - a potion of haste
 u - a potion of agility
Comestibles
 f - a meat ration
 g - 2 slices of pizza
 h - 2 chunks of flesh


   Skills:
 + Level 3.4 Fighting
 + Level 5.6 Short Blades
 + Level 2.2 Throwing
 + Level 1.8 Armour
 + Level 5.5 Dodging
 * Level 5.0 Stealth


You had 6 spell levels left.
You didn't know any spells.

Dungeon Overview and Level Annotations

Branches:
Dungeon (4/15)
 Temple: D:4-7

Altars:
Cheibriados
Fedhas
Okawaru
Trog

Annotations:
D:4 Pikel


Innate Abilities, Weirdness & Mutations

You are small and have problems with some larger weapons.
You are carnivorous and can eat meat at any time.
((You have large cloven feet.))
((You are resistant to electric shocks.))
You can spit weak poison.


Message History

You feel sick.
The worker ant bites you but does no damage.
You hit the worker ant.
You kill the worker ant!
Okawaru accepts your kill.
Your Stealth skill increases to level 5!
* * * LOW HITPOINT WARNING * * *
You feel sick.
There is a lethal amount of poison in your body!
* * * LOW HITPOINT WARNING * * *
You feel sick.
* * * LOW HITPOINT WARNING * * *
You feel sick.
* * * LOW HITPOINT WARNING * * *
You feel sick.
* * * LOW HITPOINT WARNING * * *
You feel sick.
* * * LOW HITPOINT WARNING * * *
You feel sick.
You die...

#......# #........# .....)#
#........# ... .....#
#........#
.........######........+
#..............#........#
......##.......#...##...#
......##.......#...##...#
.....≈≈≈≈..# #...##....
....≈≈≈♣..#####...####..
####.≈_≈.###....#######K.
#....≈≈≈.###....###......
#....≈≈.≈.##...........##
#.........##...........p.
#.....#...............[##
#....)#............####..
###...#........#### #..
######...##'#.[...########..


There were no monsters in sight!

Vanquished Creatures
  The ghost of Pr0man the Chiller, an amateur GrIE (D:4)
  A slave (D:3)
  An ogre (D:4)
  An orc priest (D:4)
  A worker ant (D:4)
  Robin (D:3)
  6 adders
  2 worms
  3 giant geckos
  6 orcs (D:4)
  4 bats
  12 hobgoblins
  5 jackals
  11 kobolds
  2 quokkas (D:2)
  A ball python (D:1)
  3 giant cockroaches
  13 goblins
  10 rats
84 creatures vanquished.

Notes
Turn   | Place    | Note
--------------------------------------------------------------
     0 | D:1      | Leibowitz the Kobold Gladiator began the quest for the Orb.
     0 | D:1      | Reached XP level 1. HP: 12/12 MP: 1/1
   299 | D:1      | Reached XP level 2. HP: 17/17 MP: 2/2
   918 | D:2      | Reached XP level 3. HP: 19/22 MP: 3/3
  1111 | D:2      | Found a bloodstained altar of Trog.
  1242 | D:2      | Reached skill level 1 in Stealth
  1242 | D:2      | Reached XP level 4. HP: 22/27 MP: 4/4
  1597 | D:3      | Found a faded altar to an unknown god.
  1685 | D:3      | Noticed Robin
  1692 | D:3      | Found an iron altar of Okawaru.
  1699 | D:3      | Became a worshipper of Warmaster Okawaru
  1763 | D:3      | Reached skill level 1 in Armour
  1771 | D:3      | Killed Robin
  1784 | D:3      | Reached XP level 5. HP: 9/31 MP: 5/5
  1797 | D:3      | Got a spiked helmet
  1808 | D:3      | Identified the +0 helmet "Xonoh" {rN+ Str+2} (You took it off Robin on level 3 of the Dungeon)
  2070 | D:3      | Reached skill level 5 in Short Blades
  3088 | D:4      | Reached skill level 5 in Dodging
  3142 | D:4      | Noticed Pr0man's ghost (amateur GrIE)
  3149 | D:4      | Killed Pr0man's ghost
  3149 | D:4      | Reached * piety under Okawaru
  3149 | D:4      | Reached XP level 6. HP: 27/37 MP: 6/6
  3183 | D:4      | Gained mutation: You have large cloven feet. [potion of mutation]
  3183 | D:4      | Gained mutation: You can spit weak poison. [potion of mutation]
  3183 | D:4      | Gained mutation: You are resistant to electric shocks. [potion of mutation]
  3199 | D:4      | Noticed a slave
  3199 | D:4      | Noticed a slave
  3200 | D:4      | Noticed Pikel
  3214 | D:4      | Noticed a slave
  3285 | D:3      | Killed a slave
  3571 | D:4      | Found a blossoming altar of Fedhas.
  3583 | D:4      | Noticed an ogre
  3613 | D:4      | Killed an ogre
  3613 | D:4      | Reached XP level 7. HP: 29/41 MP: 7/7
  3713 | D:4      | Found a snail-covered altar of Cheibriados.
  3805 | D:4      | Reached skill level 5 in Stealth
  3809 | D:4      | HP: 3/61 [poisoned by a worker ant]
  3810 | D:4      | HP: 1/61 [poisoned by a worker ant]
  3811 | D:4      | Succumbed to a worker ant's poison

Action                   |  1- 3 |  4- 6 |  7- 9 || total
-------------------------+-------+-------+-------++-------
Melee: Rapier            |    96 |   201 |    17 ||   314
Throw: Throwing net      |     2 |     2 |     1 ||     5
  Use: Scroll            |       |     9 |       ||     9
       Potion            |       |     8 |     1 ||     9
 Stab: Sleeping          |       |     7 |       ||     7
       Held in net/web   |       |     2 |       ||     2
       Distracted        |       |     2 |     1 ||     3
  Eat: Chunk             |     9 |     7 |     2 ||    18
